Map: Alcyone LE

Players

Applepi - Winner!

  • Race: Zerg Zerg
  • League: Gold
  • Spawn Location: 1:00

A.I. 1 (Hard)

  • Race: Terran Terran
  • Spawn Location: 7:00

VOD

Have the link to the VOD?

Description

Time

  • Played on: May 20, 2025, 4:46 p.m.
  • Length: 9:36
Show
View Real Time Build Order
Export as new Build Order

Applepi Zerg - Winner!

Build Orders: Pool First 

Get SALT Encoding   

  12  0:03  Drone  
  13  0:13  Overlord  
  13  0:18  Drone  
  14  0:32  Drone  
  14  0:33  Drone  
  16  0:38  Extractor  
  15  0:47  Spawning Pool  
  15  0:48  Drone  
  15  0:52  Drone  
  16  0:59  Drone  
  17  1:09  Overlord  
  17  1:23  Drone  
  18  1:32  Hatchery  
  17  1:36  Drone  
  18  1:47  Zergling x2  
  19  1:55  Queen  
  19  1:58  Drone  
  22  2:08  Metabolic Boost  
  22  2:14  Overlord  
  22  2:27  Drone  
  23  2:30  Drone, Queen  
  26  2:38  Drone  
  27  2:46  Drone x2  
  29  2:55  Queen  
  31  3:05  Drone  
  32  3:08  Drone  
  33  3:15  Drone x2  
  35  3:20  Lair  
  35  3:29  Evolution Chamber  
  35  3:31  Queen  
  36  3:37  Roach Warren  
  35  3:41  Overlord x2  
  35  3:52  Drone x2  
  35  3:53  Drone  
  38  3:59  Zerg Melee Weapons Level 1  
  38  4:07  Drone x2  
  40  4:18  Glial Reconstitution  
  40  4:21  Roach  
  43  4:24  Zergling x6  
  43  4:25  Zergling x2  
  43  4:26  Zergling x8  
  50  4:35  Extractor  
  49  4:43  Overlord x2  
  51  4:45  Roach  
  51  4:46  Roach x2  
  55  5:07  Overlord x2  
  55  5:12  Roach x4  
  63  5:24  Overlord x2  
  63  5:28  Roach x3  
  69  5:29  Zergling x4  
  71  5:41  Roach  
  71  5:42  Zergling x2, Roach x2  
  78  5:51  Overlord x2  
  78  5:53  Zerg Missile Weapons Level 1  
  78  5:54  Roach  
  78  5:55  Roach  
  82  6:01  Drone  
  83  6:07  Roach x2  
  83  6:08  Roach  
  83  6:09  Zergling x2  
  90  6:12  Zergling x2  
  91  6:21  Drone x4  
  95  6:33  Overlord x2  
  95  6:38  Roach x2  
  95  6:39  Roach  
  101  6:41  Zergling x2  
  102  6:49  Roach x3  
  102  6:51  Zergling x2  
  109  7:02  Roach x2  
  113  7:13  Overlord x2  
  113  7:16  Roach  
  113  7:17  Roach x3  
  113  7:18  Roach  
  123  7:31  Roach x2  
  123  7:32  Roach  
  129  7:41  Roach x5  
  129  7:42  Zergling x2  
  140  7:44  Zergling x2  
  141  7:52  Roach  
  143  8:01  Overlord  
  143  8:02  Overlord  
  139  8:06  Roach x3  
  128  8:12  Overlord x2  
  128  8:15  Roach x2  
  127  8:28  Roach x2  
  131  8:39  Roach x4  
  131  8:40  Zergling x4  
  131  8:41  Zergling x2  
  141  8:47  Drone  
  141  8:48  Drone  
  143  8:57  Roach  
  143  8:58  Roach x2  
  148  9:07  Roach x2  
  148  9:08  Zergling x2, Roach x2  
  148  9:09  Zergling x2  
  154  9:26  Hatchery  
Show
View Real Time Build Order
Export as new Build Order

A.I. 1 (Hard) Terran 

Build Orders:  

Get SALT Encoding   

  12  0:00  SCV  
  13  0:13  SCV  
  14  0:18  Supply Depot  
  14  0:25  SCV  
  15  0:40  SCV  
  16  0:42  Barracks  
  16  0:49  Refinery  
  16  0:52  SCV  
  18  1:04  SCV  
  18  1:16  SCV  
  19  1:21  Supply Depot  
  19  1:28  SCV  
  19  1:29  Marine  
  21  1:40  Barracks  
  21  1:41  Orbital Command  
  21  1:47  Marine  
  21  1:50  Refinery  
  22  2:07  Barracks Tech Lab, Supply Depot  
  22  2:25  Marine  
  23  2:31  Marine  
  24  2:40  Supply Depot  
  24  2:43  Marine  
  25  2:49  Marine  
  26  2:53  SCV  
  27  3:01  Marauder  
  29  3:06  Engineering Bay, SCV  
  29  3:07  Marine  
  31  3:18  SCV  
  32  3:22  Marine  
  32  3:24  Supply Depot  
  32  3:25  Marine  
  34  3:30  SCV  
  35  3:40  Marauder  
  37  3:42  SCV  
  38  3:54  SCV  
  39  4:02  Marauder  
  41  4:23  Marauder  
  43  5:12  Marine, Stimpack, Barracks Tech Lab  
  43  5:13  Terran Infantry Weapons Level 1  
  44  5:15  Factory  
  44  5:16  Factory  
  44  5:18  Missile Turret  
  44  5:19  Missile Turret  
  44  5:30  Concussive Shells  
  44  5:31  Marauder  
  44  5:32  Marauder  
  44  5:34  Barracks  
  48  5:40  Command Center, Bunker  
  48  5:45  Ghost Academy  
  48  5:54  Supply Depot  
  48  6:01  Starport  
  48  6:04  Starport, Factory Tech Lab  
  48  6:05  Factory Tech Lab  
  48  6:12  Combat Shield  
  48  6:14  Ghost  
  51  6:40  Starport Tech Lab x2  
  51  6:52  SCV  
  51  6:53  SCV  
  53  7:00  Raven x2  
  57  7:03  Refinery  
  57  7:04  SCV  
  57  7:05  SCV, Missile Turret  
  57  7:07  Missile Turret, Terran Infantry Armor Level 1  
  59  7:08  Sensor Tower  
  59  7:10  Refinery  
  59  7:11  Armory  
  59  7:16  SCV  
  59  7:17  Barracks Reactor, SCV  
  61  7:28  SCV, Bunker  
  61  7:29  SCV  
  63  7:40  SCV  
  63  7:42  SCV  
  65  7:52  SCV  
  65  7:54  SCV  
  67  8:04  SCV  
  67  8:05  Marine  
  66  8:06  SCV  
  66  8:12  Marine  
  59  8:16  SCV  
  59  8:18  SCV  
  50  8:20  Marine  
  50  8:25  Viking  
  47  8:28  SCV  
  47  8:32  Marine  
  38  8:39  Viking  
  30  8:46  Marine  
  26  8:53  Marine  
  22  9:00  Marine  
  17  9:07  SCV  
  17  9:09  Marine  
  14  9:19  SCV  
  10  9:26  Ghost Academy  
Tags
 
League
Gold
Matchup
TvZ
Opening
Pool First
Spawn Locations
Cross Positions
Add a new tag
Caveats
  • Supply blocks, unpowered buildings, or Contaminate may cause inaccurate times.
  • Supply counts are checked every 10 seconds.